 Dungeon Crawl Stone Soup version 0.31-a0-221-gbddc013574 (webtiles) character file.

Game seed: 13511232087171310692

12 IndexError the Shooter (level 2, 23/23 HPs)
             Began as a Formicid Hunter on July 4, 2023.
             Quit the game on level 1 of the Dungeon.
             The game lasted 00:00:38 (236 turns).

IndexError the Shooter (Formicid Hunter)             Turns: 236, Time: 00:00:38

Health: 23/23      AC:  3    Str: 15    XL:     2   Next: 45%
Magic:  3/3        EV: 12    Int:  8    God:
Gold:   25         SH:  0    Dex: 17    Spells: 2/2 levels left

rFire   . . .        a - +0 shortbow
rCold   . . .        (no shield)
rNeg    . . .        c - +0 leather armour
rPois   .            (helmet unavailable)
rElec   .            (no cloak)
rCorr   .            (no gloves)
SInv    +            (no boots)
Will    .....        (no amulet)
Stlth   ++           (no ring)
HPRegen 0.23/turn    (no ring)
MPRegen 0.08/turn

%: no passive effects
@: no status effects
A: permanent stasis, dig shafts and tunnels, antennae 3, four strong arms
a: Dig, Shaft Self


You were on level 1 of the Dungeon.
You visited 1 branch of the dungeon, and saw 1 of its levels.

You collected 25 gold pieces.

Inventory:

Hand Weapons
 a - a +0 shortbow (weapon)
Armour
 c - a +0 leather armour (worn)
Jewellery
 e - a ring of fire {rF+, rC-}
   (You found it on level 1 of the Dungeon)
Scrolls
 b - a scroll of butterflies
 d - a scroll of silence {unknown}
 f - a scroll of enchant weapon {unknown}
 g - a scroll of teleportation {unknown}
Potions
 h - a potion of curing {unknown}


   Skills:
 + Level 2.3 Fighting
 + Level 4.1 Ranged Weapons
 * Level 0.8 Armour
 - Level 1.7 Dodging
 + Level 1.4 Stealth
 * Level 0.8 Spellcasting


You had 2 spell levels left.
You didn't know any spells.
Your spell library was empty.

Dungeon Overview and Level Annotations

Branches:
Dungeon (1/15)

Altars:


Innate Abilities, Weirdness & Mutations

You cannot be hasted, slowed, berserked, paralysed or teleported.
You can dig through walls and to a lower floor.
You have a pair of large antennae on your head. (SInv)
Your four strong arms can wield two-handed weapons with a shield.


Message History

You shoot an arrow. The arrow closely misses the quokka.
You shoot an arrow. The arrow hits the quokka.
No target in view!
You retract your mandibles.
A rat comes into view.
You extend your mandibles.
You shoot an arrow. The arrow hits the rat.
No target in view!
You retract your mandibles.
A ball python comes into view.
The ball python hisses angrily.
You shoot an arrow.
The arrow closely misses the ball python.
You shoot an arrow.
The arrow closely misses the ball python.
The ball python barely misses you. The ball python misses you.
You shoot an arrow. The arrow hits the ball python!
No target in view!
No target in view!
Found a stone staircase leading down.
f - a scroll labelled YPLYNKESEF You sense a monster nearby.
A bat comes into view.
The bat hits you but does no damage.
You shoot an arrow.
The arrow hits the bat but does no damage.
The bat hits you but does no damage.
You shoot an arrow. The arrow barely misses the bat.
The bat barely misses you.
You shoot an arrow. The arrow barely misses the bat.
The bat closely misses you. The bat hits you.
You take 1 damage, and have 15/16 hp.
You shoot an arrow. The arrow closely misses the bat.
The bat hits you but does no damage.
You shoot an arrow. The arrow misses the bat.
The bat hits you but does no damage.
You shoot an arrow. The arrow hits the bat.
No target in view!
HP restored.
g - a scroll labelled FOM VISES RERCH Health restored: 16 No target in view!
You sense a monster nearby.
A dart slug comes into view.
Fire: a) +0 shortbow
Press: ? - help, Q - select action, (/) - cycle Shift-Dir - straight line
Okay, then.
A dart slug is nearby!
Fire: a) +0 shortbow
Press: ? - help, Q - select action, (/) - cycle Shift-Dir - straight line
Okay, then.
You shoot an arrow. The arrow hits the dart slug.
The dart slug launches a dart at you. The slug dart hits you.
You take 4 damage, and have 12/16 hp.
MASSIVE DAMAGE!!
You shoot an arrow. The arrow hits the dart slug!
A rat comes into view.
You have reached level 2!
You regained 5 hp, and now have 17/23 hp.
MP restored: 2 You shoot an arrow.
The arrow hits the rat but does no damage.
You shoot an arrow. The arrow barely misses the rat.
The rat bites you but does no damage. The rat barely misses you.
You shoot an arrow. The arrow hits the rat.
You see here a rat corpse.
h - a ruby potion Health restored: 23 No target in view!
You sense a monster nearby.
No target in view!
A hobgoblin comes into view.
You shoot an arrow. The arrow hits the hobgoblin.
No target in view!
No target in view!
Magic restored.
A kobold comes into view. It is wielding a +0 whip.
MP restored: 3 You shoot an arrow.
The arrow hits the kobold!
No target in view!
No target in view!
You see here a hobgoblin corpse.
A rat comes into view.
A rat is nearby!
You shoot an arrow. The arrow hits the rat.
No target in view!
No target in view!
You sense a monster nearby.
A ball python comes into view.
You shoot an arrow.
The arrow completely misses the ball python.
You shoot an arrow. The arrow hits the ball python!
No target in view!
No target in view!
You now have 25 gold pieces (gained 14).
A goblin comes into view. It is wielding a +0 club.
You shoot an arrow. The arrow hits the goblin.
No target in view!
No target in view!
You sense a monster nearby.
Are you sure you want to abandon this character and quit the game? (Confirm with "yes".)

{ { .## ..) ....
..... #.....
###.....# ##@..#
# #..### ..#
#.########....
##.............
.#
#..............
..
##.#............
..##
#.......†.......
....
#.#.............
...#
#.#.............
....


There were no monsters in sight!

Vanquished Creatures
  A dart slug (D:1)
  2 ball pythons (D:1)
  A bat (D:1)
  A hobgoblin (D:1)
  A quokka (D:1)
  A goblin (D:1)
  A kobold (D:1)
  3 rats (D:1)
11 creatures vanquished.

Notes
Turn   | Place    | Note
-------+----------+-------------------------------------------
     0 | D:1      | IndexError the Formicid Hunter began the quest for the Orb.
     0 | D:1      | Reached XP level 1. HP: 16/16 MP: 1/1
   112 | D:1      | Reached XP level 2. HP: 17/23 MP: 2/2
   236 | D:1      | Quit the game

Illustrated notes

Levels and vault maps discovered:
D:1:      dpeg_arrival_shelter, layout_rooms,
          hangedman_abyss_or_decor_lesser_grid

Action                     || total
---------------------------++-------
   Fire: Shortbow          ||    25
Ability: Dig               ||     3
 Armour: Leather armour    ||     5
  Dodge: Dodged            ||     5

Table legend: (Time is in decaauts)
 A = Elapsed time spent in this place.
 B = Non-inter-level travel time spent in this place.
 C = Inter-level travel time spent in this place.
 D = Time resting spent in this place.
 E = Time spent auto-exploring this place.
 F = Levels seen in this place.
 G = Mean time per level.
                   A        B        C        D        E       F      G
               +--------+--------+--------+--------+--------+-----+--------+
         Total |    241 |    241 |      0 |      0 |    187 |   1 |  241.0 |
       Dungeon |    241 |    241 |      0 |      0 |    187 |   1 |  241.0 |
               +--------+--------+--------+--------+--------+-----+--------+

Top non-repeatable levels by time:
     D:1: 241 daAuts

Levels and vault maps discovered:
D:1:      dpeg_arrival_shelter, layout_rooms,
          hangedman_abyss_or_decor_lesser_grid

Table legend: (Time is in decaauts)
 A = Elapsed time spent in this place.
 B = Non-inter-level travel time spent in this place.
 C = Inter-level travel time spent in this place.
 D = Time resting spent in this place.
 E = Time spent auto-exploring this place.
 F = Levels seen in this place.
 G = Mean time per level.
                   A        B        C        D        E       F      G
               +--------+--------+--------+--------+--------+-----+--------+
         Total |    241 |    241 |      0 |      0 |    187 |   1 |  241.0 |
       Dungeon |    241 |    241 |      0 |      0 |    187 |   1 |  241.0 |
               +--------+--------+--------+--------+--------+-----+--------+

Top non-repeatable levels by time:
     D:1: 241 daAuts

Table legend:
 A = Kills in this place as a percentage of kills in the entire game.
 B = Kills by you in this place as a percentage of kills by you in the entire game.
 C = Kills by friends in this place as a percentage of kills by friends in the entire game.
 D = Other kills in this place as a percentage of other kills in the entire game.
 E = Experience gained in this place as a percentage of experience gained in the entire game.
 F = Experience gained in this place divided by the number of levels of this place that you have seen.
                   A       B       C       D       E      F
               +-------+-------+-------+-------+-------+----------------------
         Total | 100.0 | 100.0 |   N/A |   N/A | 100.0 |  18.0
       Dungeon | 100.0 | 100.0 |   N/A |   N/A | 100.0 |  18.0
               +-------+-------+-------+-------+-------+----------------------
